AoeStats
← LyftSjälar

Golden Pit

509905482Analyzed
1v1 RM · 3d ago on Sep 28, 2026· 53m 41s· 2 players
Game mode
Random Map
Map size
Tiny (2 player)
Population
200
Speed
Normal
Resources
Standard
Victory
Conquest
Starting age
Dark Age
Ending age
Imperial Age
RankedLock teamsTeams togetherTeam positionsShared explorationLock speedFull tech treeHidden civsTurbo modeCheats
Victory
Defeat
🇵🇪 Britons · Peru
983
+15
🇸🇪 Varangians · Sweden
954
-15
LyftSjälar
5:34 Loom
10:34 Feudal Age
19:53 Castle Age
18:21 Double-Bit Axe
18:17 Horse Collar
20:23 Bloodlines
21:24 Fletching
26:21 Padded Archer Armor
26:30 Padded Archer Armor
27:21 Masonry
35:38 Imperial Age
34:23 Murder Holes
35:16 Wheelbarrow
34:26 Town Watch
35:38 Bow Saw
35:31 Heavy Plow
35:26 Gold Mining
35:27 Stone Mining
36:01 Ballistics
35:55 Forging
36:54 Bodkin Arrow
37:55 Stone Shaft Mining
37:38 Leather Archer Armor
38:56 Iron Casting
38:21 Scale Mail Armor
41:06 Conscription
40:16 Cavalier
40:56 Husbandry
41:01 Elite Skirmisher
42:54 Blast Furnace
41:59 Scale Barding Armor
42:56 Hand Cart
42:42 Town Patrol
42:31 Light Cavalry
44:01 Crop Rotation
44:37 Siege Engineers
45:03 Architecture
44:28 Hussar
47:47 Chain Mail Armor
47:52 Chain Barding Armor
48:03 Ring Archer Armor
48:14 Bracer
49:22 Two-Man Saw
50:10 Guard Tower
50:16 Murder Holes
loading...
11:48 Feudal Age
12:47 Double-Bit Axe
12:42 Horse Collar
17:44 Castle Age
16:08 Stone Mining
18:46 Loom
20:16 Wheelbarrow
20:22 Bow Saw
25:01 Heavy Plow
26:05 Gold Mining
28:48 Gold Shaft Mining
29:58 Hand Cart
32:27 Fletching
32:38 Padded Archer Armor
36:10 Imperial Age
33:43 Bodkin Arrow
35:46 Ballistics
35:45 Leather Archer Armor
37:25 Light Cavalry
38:08 Husbandry
39:39 Bracer
41:22 Chemistry
42:41 Ring Archer Armor
42:22 Forging
42:18 Scale Barding Armor
44:06 Masonry
44:07 Careening
45:08 Yeomen
44:44 Onager
46:56 Chain Barding Armor
47:11 Iron Casting
46:31 Elite Longbowman
48:45 Pikeman
49:25 Squires
49:11 Arson
49:11 Gambesons
50:04 Halberdier
51:49 Blast Furnace
50:50 Scale Mail Armor
51:25 Plate Barding Armor
Connection lost

Rejoining the realm…

Still unreachable

The connection could not be restored.

Session expired

The server has moved on; the page needs a fresh start.